 Dungeon Crawl Stone Soup version 0.20-a0-420-g83c570d (webtiles) character file.

410 Gorglomux the Skirmisher (level 6, -6/99 HPs)
             Began as a Naga Wanderer on Dec 31, 2016.
             Mangled by a two-headed ogre
             ... wielding a +0 dire flail
              (16 damage)
             ... on level 4 of the Dungeon.
             The game lasted 00:07:31 (4243 turns).

Gorglomux the Skirmisher (Naga Wanderer)            Turns: 4243, Time: 00:07:32

Health: -6/99      AC:  3    Str: 18    XL:     6   Next: 89%
Magic:  6/6        EV:  9    Int: 15    God:
Gold:   178        SH:  0    Dex: 11    Spells: 5/5 levels left

rFire  . . .     SeeInvis +     a - +0 morningstar
rCold  . . .     Gourm    .     f - +0 robe
rNeg   . . .     Faith    .     (no shield)
rPois  +         Spirit   .     (no helmet)
rElec  .         Reflect  .     (no cloak)
rCorr  .         Harm     .     (no gloves)
MR     .....                    (no barding)
Stlth  ..........               (no amulet)
                                (no ring)
                                (no ring)

@: berserking, quick
A: see invisible, deformed body, poison resistance, slowness 2, slow metabolism
1, spit poison 1, AC +2
a: Spit Poison


You were on level 4 of the Dungeon.
You were not hungry.

You visited 1 branch of the dungeon, and saw 4 of its levels.

You collected 178 gold pieces.

Inventory:

Hand Weapons
 a - a +0 morningstar (weapon)
 b - a +0 shortbow
 e - a +2 dagger
Missiles
 d - 73 arrows
Armour
 f - a +0 robe (worn)
Wands
 n - a wand of flame (20/48)
Scrolls
 i - a scroll of immolation {unknown}
 k - 2 scrolls of amnesia {unknown}
 m - a scroll of noise {unknown}
 o - a scroll of random uselessness {unknown}
 q - 3 scrolls of blinking {unknown}
 r - a scroll of teleportation {unknown}
 t - a scroll of remove curse {unknown}
 v - a scroll of identify {unknown}
 y - a scroll of magic mapping {unknown}
Potions
 c - a potion of berserk rage
 h - 3 potions of curing {unknown}
 l - a potion of mutation {unknown}
 p - a potion of lignification {unknown}
 s - a potion of flight {unknown}
 u - 2 potions of magic {unknown}
 w - a potion of cure mutation {unknown}
Comestibles
 g - 4 bread rations
 j - 4 meat rations
 x - a slice of pizza
 z - a royal jelly
 A - 3 chunks of flesh


   Skills:
 + Level 7.3 Fighting
 * Level 5.4 Maces & Flails
 - Level 1.0 Armour
 - Level 1.5 Stealth
   Level 1.0 Shields


You had 5 spell levels left.
You didn't know any spells.

Dungeon Overview and Level Annotations

Branches:
Dungeon (4/15)
 Temple: D:4-7

Altars:
Cheibriados
Elyvilon
Fedhas
Sif Muna
Trog


Innate Abilities, Weirdness & Mutations

You cannot wear boots.
Your serpentine skin is tough. (AC +2)
You have supernaturally acute eyesight. (SInv)
Armour fits poorly on your strangely shaped body.
Your system is resistant to poisons. (rPois)
You cover ground very slowly.
You have a slow metabolism.
You can spit poison.


Message History

Press: ? - help, Shift-Dir - straight line
Okay, then.
Press: ? - help, Shift-Dir - straight line
Okay, then.
The two-headed ogre shouts in stereo!
Found a bloodstained altar of Trog.
Press: ? - help, Shift-Dir - straight line, f - two-headed ogre
Aim: a two-headed ogre, wielding a dire flail and a giant club The splash of poison misses the two-headed ogre.
You feel slightly more hungry.
The two-headed ogre hits you with a dire flail!!
The two-headed ogre hits you with a giant club!!
* * * LOW HITPOINT WARNING * * *
Okay, then.
A red film seems to cover your vision as you go berserk!
You feel yourself moving faster!
You feel mighty!
You have got your breath back.
The two-headed ogre closely misses you.
The two-headed ogre hits you with a giant club!
You die...

.......#...#.....##
......+...#.....# .
......#...#.....# ..
#.....#...#.....# #.
#.....#...#.....# ##.
#.....#...'.....#
#...##.....#####.....#
#._...O..............#
....##@................
. #...........#####..
#...........#...#..
...##...........#...# .
#...............#...#
######..........#...#
#..........##'##
#..........'<..#
#..........#...#


You could see a two-headed ogre.

Vanquished Creatures
  Menkaure (D:4)
  A bullfrog (D:4)
  An orc priest (D:3)
  An orc wizard (D:3)
  A centaur skeleton (D:4)
  A hound zombie (D:3)
  5 adders
  An ooze (D:3)
  2 worms (D:2)
  A dart slug (D:2)
  7 orcs
  8 bats
  6 giant cockroaches
  9 hobgoblins
  2 jackals (D:3)
  3 kobolds
  A quokka (D:3)
  6 frilled lizards
  6 goblins
  5 rats
68 creatures vanquished.

Vanquished Creatures (others)
  2 hobgoblins (D:2)
  A quokka (D:2)
3 creatures vanquished.

Grand Total: 71 creatures vanquished

Notes
Turn   | Place    | Note
-------+----------+-------------------------------------------
     0 | D:1      | Gorglomux the Naga Wanderer began the quest for the Orb.
     0 | D:1      | Gorglomux set off with: a +2 dagger, a potion of berserk rage, a +0 shortbow, 29 arrows, a +0 mace, a +0 robe, a bread ration
     0 | D:1      | Reached XP level 1. HP: 26/26 MP: 1/1
   245 | D:1      | Reached XP level 2. HP: 33/33 MP: 2/2
  1445 | D:2      | Reached XP level 3. HP: 26/40 MP: 3/3
  1601 | D:2      | Found a deep blue altar of Sif Muna.
  1626 | D:2      | Found a white marble altar of Elyvilon.
  1667 | D:2      | Found a snail-covered altar of Cheibriados.
  1946 | D:2      | Found a blossoming altar of Fedhas.
  2071 | D:2      | Reached XP level 4. HP: 38/49 MP: 4/4
  3111 | D:3      | Reached XP level 5. HP: 12/56 MP: 5/5
  3625 | D:4      | Noticed a two-headed ogre
  3908 | D:4      | Reached skill level 7 in Fighting
  3908 | D:4      | Reached XP level 6. HP: 28/66 MP: 6/6
  4181 | D:4      | Noticed Menkaure
  4186 | D:4      | Killed Menkaure
  4186 | D:4      | Reached skill level 5 in Maces & Flails
  4239 | D:4      | Found a bloodstained altar of Trog.
  4243 | D:4      | Mangled by a two-headed ogre

Vault maps used:
D:1:      dpeg_arrival_round_c
D:2:      wad_pebble_path, elyvilon_altar_4, overflow_temple_1_default,
          lemuel_crystal_altar, serial_co_window_serial,
          co_window_of_opportunity_a, co_window_paths_a, co_window_corner_a,
          co_window_of_opportunity_a, co_window_paths_b, co_window_cross_1,
          co_window_broadway_b, co_window_2corner, co_window_corner_cb,
          co_window_paths_e, glass_columns_a, glass_columns_a, glass_columns_a,
          glass_columns_a, glass_columns_a, kennysheep_slug_shrine
D:3:      kennysheep_nub, minmay_unequal
D:4:      lemuel_zombie_altar_yredelemnul, first_bread,
          trog_three_pillars_becter, uniq_menkaure, uniq_pikel, uniq_robin

Skill      XL: |  1  2  3  4  5  6 |
---------------+-------------------+-----
Maces & Flails | 2 3 4 5 |  5.4
Fighting       | 7 |  7.3
Armour         | |  1.0
Stealth        | |  1.5
Shields        | |  1.0

Action                   |  1- 3 |  4- 6 || total
-------------------------+-------+-------++-------
Melee: Dagger            |    73 |       ||    73
       Mace              |    44 |    83 ||   127
       Morningstar       |       |    42 ||    42
 Fire: Shortbow          |     2 |       ||     2
 Abil: Spit Poison       |    11 |     9 ||    20
Evoke: Wand              |     2 |       ||     2
  Use: Potion            |       |     1 ||     1
 Stab: Sleeping          |     1 |     1 ||     2
  Eat: Chunk             |     3 |     6 ||     9
Armor: Robe              |    42 |    27 ||    69
Dodge: Dodged            |    80 |    86 ||   166
